 Dungeon Crawl Stone Soup version 0.20.1-1-g8b1a95d (webtiles) character file.

144 torrenera the Sneak (level 5, -1/24 HPs)
             Began as a Vine Stalker Enchanter on Aug 30, 2017.
             Killed from afar by an orc wizard (7 damage)
             ... with a puff of frost
             ... on level 3 of the Dungeon.
             The game lasted 00:05:37 (4275 turns).

torrenera the Sneak (Vine Stalker Enchanter)        Turns: 4275, Time: 00:05:37

Health: -1/24      AC:  3    Str: 10    XL:     5   Next: 26%
Magic:  0/9        EV: 12    Int: 15    God:
Gold:   159        SH:  0    Dex: 16    Spells: 7/8 levels left

rFire    . . .     SeeInvis .   a - +1 dagger
rCold    . . .     Gourm    .   (no shield)
rNeg     . . .     Faith    .   b - +0 robe
rPois    .         Spirit   +   (no helmet)
rElec    .         Reflect  .   (no cloak)
rCorr    .         Harm     .   (no gloves)
MR       .....                  s - +0 pair of boots
Stlth    +++.......             (no amulet)
Regen    0.5/turn               (no ring)
MPRegen  0.2/turn               (no ring)

@: no status effects
A: fangs 2, regeneration 1, magic shield, antimagic bite, no potion heal 3, rot
immunity
a: no special abilities


You were on level 3 of the Dungeon.
You were hungry.

You visited 1 branch of the dungeon, and saw 3 of its levels.

You collected 159 gold pieces.

Inventory:

Hand Weapons
 a - a +1 dagger (weapon)
Missiles
 e - 100 stones (quivered)
Armour
 b - a +0 robe (worn)
 s - a +0 pair of boots (worn)
Jewellery
 w - a cursed ring of resist corrosion {unknown}
Wands
 x - a wand of random effects (23/48)
Scrolls
 h - 4 scrolls of identify
 m - 3 scrolls of enchant armour {unknown}
 n - a scroll of noise {unknown}
 o - a scroll of fear
 p - 2 scrolls of amnesia {unknown}
 q - 2 scrolls of teleportation {unknown}
 r - a scroll of recharging {unknown}
 u - a scroll of blinking {unknown}
 v - 2 scrolls of remove curse {unknown}
Potions
 f - 4 potions of curing
 g - 2 potions of mutation {unknown}
 i - a potion of heal wounds {unknown}
 l - a potion of haste {unknown}
Books
 c - a book of Maledictions

   Spells                             Type                      Level
   a - Corona                         Hexes                        1
   b - Ensorcelled Hibernation        Hexes/Ice                    2
   c - Confuse                        Hexes                        3
   d - Tukima's Dance                 Hexes                        3
   e - Dazzling Spray                 Conjuration/Hexes            3
Comestibles
 d - a bread ration
 j - 3 meat rations
 k - a royal jelly
 t - a chunk of flesh


   Skills:
 * Level 3.8 Short Blades
 - Level 1.5 Dodging
 + Level 4.9 Stealth
 - Level 2.1 Spellcasting
 - Level 3.0 Hexes


You had 7 spell levels left.
You knew the following spells:

 Your Spells              Type           Power        Failure   Level  Hunger
a - Corona                Hex            ##.....      6%          1    #......


Dungeon Overview and Level Annotations

Branches:
Dungeon (3/15)

Altars:
Dithmenos
Zin

Shops:
D:2 *


Innate Abilities, Weirdness & Mutations

You have extremely sharp teeth.
Your natural rate of healing is unusually fast.
When hurt, damage is shared between your health and your magic reserves.
Your bite disrupts and absorbs the magic of your enemies.
Potions cannot restore your health.
You are immune to rotting.


Message History

The orc wizard hits you but does no damage.
You hit the orc wizard but do no damage.
The orc wizard is heavily wounded.
The orc wizard casts a spell at you. The puff of flame hits you!
The orc wizard misses you.
You barely miss the orc wizard. Your bite misses the orc wizard.
The orc wizard is heavily wounded.
The orc wizard hits you with a dagger.
You hit the orc wizard. Your bite misses the orc wizard.
The orc wizard is almost dead.
The orc wizard hits you with a dagger.
* * * LOW HITPOINT WARNING * * *
The orc wizard barely misses you. The orc wizard casts a spell at you.
The magic dart hits you!
* * * LOW HITPOINT WARNING * * *
You are feeling hungry.
The orc wizard casts a spell at you. The puff of frost hits you!
You die...

#.##..#.###############
#.#...#...........>...#
#.#..################.###########
#................................
#...###########..##.#.#.......###
#...# #...#.#.#.#####.# #...#
#....<#.#.#<..#.#
#...###########..####.#.###.#.###
#.>.............@................
#................##.#.#.###.#.###
#..###...#####.#o##'#'#.....#.###
#....+...'.......#.......####....
#.####...#####...o.........).)...
#.# #..†# ######.......########
#.# #...####...o.o......##....).
#.# #......#....#######.##.#####
#.# #..g...#....# #.##.# #


You could see 2 orc wizards.

Vanquished Creatures
  An orc wizard (D:3)
  5 adders
  A worm (D:2)
  2 dart slugs
  2 leopard geckos
  4 orcs (D:3)
  2 giant cockroaches
  3 goblins
  8 hobgoblins
  4 jackals
  2 ball pythons
  3 bats
  3 frilled lizards
  14 kobolds
  4 rats
58 creatures vanquished.

Notes
Turn   | Place    | Note
-------+----------+-------------------------------------------
     0 | D:1      | torrenera the Vine Stalker Enchanter began the quest for the Orb.
     0 | D:1      | Reached XP level 1. HP: 9/9 MP: 4/4
     8 | D:1      | Reached skill level 1 in Short Blades
   293 | D:1      | Reached XP level 2. HP: 13/13 MP: 6/6
   583 | D:1      | Reached skill level 4 in Stealth
   652 | D:1      | Reached XP level 3. HP: 7/16 MP: 5/7
  2006 | D:2      | Found a shadowy altar of Dithmenos.
  2068 | D:2      | Found Zin's Purification Station.
  2074 | D:2      | Found a glowing silver altar of Zin.
  2496 | D:2      | Gained mutation: Your natural rate of healing is unusually fast. [Vine Stalker growth]
  2496 | D:2      | Reached XP level 4. HP: 21/21 MP: 8/8
  3500 | D:3      | Reached XP level 5. HP: 11/24 MP: 5/9
  4275 | D:3      | Killed from afar by an orc wizard

Skill      XL: |  1  2  3  4 |
---------------+-------------+-----
Short Blades   | 1 2 3 |  3.8
Stealth        | 4 |  4.9
Dodging        | |  1.5
Spellcasting   | |  2.1
Hexes          | |  3.0

Action                   |  1- 3 |  4- 6 || total
-------------------------+-------+-------++-------
Melee: Dagger            |   103 |   119 ||   222
       Bite              |    22 |    23 ||    45
Throw: Stone             |       |     3 ||     3
  Use: Scroll            |     3 |       ||     3
 Stab: Sleeping          |     6 |     5 ||    11
       Distracted        |     1 |       ||     1
  Eat: Chunk             |     5 |     5 ||    10
Armor: Robe              |    20 |    14 ||    34
Dodge: Dodged            |    63 |    49 ||   112
